Map: Ulrena

Players

capac

  • Race: Terran Terran
  • League: Gold

Aleksey - Winner!

  • Race: Protoss Protoss
  • League: Gold

VOD

Have the link to the VOD?

Description

Time

  • Played on: April 27, 2016, 5:01 p.m.
  • Length: 16:52
Show
View Real Time Build Order
Export as new Build Order

capac Terran 

Build Orders:  

Get SALT Encoding   

  12  0:00  SCV  
  13  0:12  SCV  
  14  0:18  Supply Depot  
  14  0:27  SCV  
  15  0:40  SCV  
  15  0:42  Barracks  
  16  0:46  Refinery  
  16  0:52  SCV  
  17  1:04  SCV  
  18  1:16  SCV  
  19  1:30  Barracks Reactor  
  19  1:34  Orbital Command  
  19  1:44  Command Center  
  19  1:55  Supply Depot  
  19  2:00  SCV  
  20  2:08  Factory, Marine  
  20  2:09  Marine  
  20  2:13  SCV  
  23  2:21  Refinery  
  23  2:25  SCV  
  23  2:27  Marine x2  
  26  2:37  SCV  
  27  2:49  Barracks  
  27  2:51  SCV  
  27  2:53  Factory Tech Lab  
  27  2:56  Starport  
  28  3:03  Orbital Command  
  28  3:08  Marine x2  
  30  3:18  Siege Tank  
  33  3:24  Orbital Command  
  26  3:52  Marine x2  
  27  4:05  Barracks Tech Lab  
  27  4:07  Barracks  
  27  4:10  Marine  
  28  4:18  Engineering Bay  
  28  4:24  Marine  
  28  4:26  Starport Reactor  
  28  4:28  Marine  
  28  4:29  Siege Tank  
  33  4:33  SCV  
  34  4:51  Missile Turret  
  34  4:59  Missile Turret  
  34  5:00  SCV x2  
  34  5:01  Marine x2  
  34  5:05  Missile Turret  
  33  5:13  Orbital Command  
  32  5:15  SCV  
  33  5:29  Medivac  
  33  5:37  SCV  
  34  5:48  Medivac  
  34  5:49  SCV x2  
  38  5:59  Marine x2  
  38  6:00  Marine  
  38  6:02  Stimpack  
  38  6:03  Marine  
  42  6:15  Orbital Command  
  42  6:17  SCV  
  42  6:18  Marine x2  
  46  6:21  Marine  
  46  6:58  Bunker  
  46  7:03  Supply Depot  
  46  7:14  Liberator  
  46  7:15  Barracks Reactor  
  46  7:19  Supply Depot  
  46  7:22  Marine x3, SCV x2  
  51  7:24  Siege Tank  
  57  7:43  Missile Turret  
  57  7:50  SCV  
  57  7:51  SCV  
  57  8:11  Missile Turret  
  57  8:12  SCV  
  57  8:13  SCV  
  57  8:19  Liberator  
  58  8:24  Marine x2  
  58  8:25  Marine x3  
  63  8:40  SCV x2  
  68  8:42  Marine x3  
  71  8:57  Medivac  
  71  8:59  Marine  
  71  9:00  Marine x2  
  76  9:16  SCV x2  
  78  9:39  SCV  
  73  9:48  Marine  
  73  9:49  Marine x3  
  77  9:56  Refinery  
  77  9:57  Refinery  
  77  10:17  SCV  
  78  10:31  Terran Infantry Weapons Level 1  
  78  10:38  Barracks  
  78  10:39  Barracks  
  78  10:40  Command Center  
  78  10:41  Barracks  
  78  10:44  Supply Depot  
  78  10:48  Liberator  
  78  10:52  Supply Depot  
  78  11:03  Combat Shields  
  78  11:05  Marine x2, Siege Tank  
  86  11:11  Supply Depot  
  86  11:13  Marauder, Marine x2, SCV  
  86  11:15  Supply Depot  
  91  11:21  Medivac  
  93  11:33  Armory  
  93  11:34  Barracks Reactor x3  
  93  11:37  Supply Depot, SCV x2  
  93  11:38  Liberator  
  93  11:39  Marine, Liberator  
  96  11:42  Barracks Tech Lab x2  
  96  11:49  SCV x2  
  104  12:01  SCV  
  104  12:02  SCV  
  106  12:09  Siege Tank  
  109  12:18  Supply Depot, SCV  
  110  12:24  Supply Depot  
  110  12:26  Liberator x2  
  116  12:46  SCV  
  116  12:47  SCV  
  118  12:53  Orbital Command  
  118  13:08  Marine  
  118  13:09  Marine x4  
  124  13:24  Marine  
  124  13:25  Marauder x3  
  124  13:42  Medivac x2  
  124  13:44  Orbital Command  
  128  13:50  Marine x2  
  128  13:51  Marine x4  
  134  14:19  Liberator x2  
  140  14:53  Marine  
  140  14:54  Marine x6  
  140  14:55  Marine  
  140  14:59  Siege Tank  
  148  15:06  Marauder  
  126  15:35  Marine x5  
  125  15:36  Marine x3  
  125  15:38  Liberator  
  125  15:39  Liberator  
  124  16:01  Starport  
  124  16:02  Starport  
  124  16:05  Starport  
Show
View Real Time Build Order
Export as new Build Order

Aleksey Protoss - Winner!

Build Orders: Oracle Opening 

Get SALT Encoding   

  12  0:02  Probe (Chrono Boost)  
  13  0:13  Probe (Chrono Boost)  
  14  0:18  Pylon  
  14  0:24  Probe (Chrono Boost)  
  15  0:36  Probe (Chrono Boost)  
  15  0:37  Gateway  
  16  0:47  Probe (Chrono Boost)  
  17  0:50  Assimilator  
  17  0:53  Assimilator  
  17  0:57  Probe (Chrono Boost)  
  18  1:08  Probe (Chrono Boost)  
  20  1:18  Probe (Chrono Boost)  
  20  1:25  Cybernetics Core  
  20  1:28  Pylon  
  20  1:30  Probe (Chrono Boost)  
  21  1:33  Zealot  
  23  1:46  Probe (Chrono Boost)  
  24  1:57  Probe (Chrono Boost)  
  25  2:02  Stargate  
  25  2:04  Warp Gate (Chrono Boost)  
  25  2:07  Probe (Chrono Boost)  
  26  2:20  Mothership Core  
  28  2:47  Oracle (Chrono Boost)  
  31  3:00  Pylon  
  31  3:01  Gateway  
  31  3:03  Gateway  
  31  3:06  Pylon  
  31  3:18  Stalker  
  33  4:00  Nexus  
  33  4:03  Pylon  
  33  4:06  Pylon  
  33  4:11  Robotics Facility  
  33  4:13  Gateway  
  33  4:28  Stalker x3  
  39  5:36  Probe  
  39  5:41  Stalker, Assimilator  
  39  5:42  Stalker x2  
  46  5:44  Observer (Chrono Boost)  
  46  5:46  Probe x2  
  49  5:57  Probe  
  49  5:58  Probe  
  49  6:03  Observer (Chrono Boost)  
  52  6:08  Probe  
  52  6:11  Probe  
  54  6:18  Probe  
  54  6:21  Warp Prism (Chrono Boost), Pylon  
  54  6:24  Forge  
  57  6:29  Probe  
  58  6:39  Probe  
  58  6:41  Twilight Council  
  59  6:50  Probe  
  60  7:01  Protoss Ground Weapons Level 1  
  60  7:10  Zealot x3  
  60  7:11  Zealot  
  60  7:12  Probe  
  60  7:15  Assimilator  
  69  7:20  Gateway  
  69  7:22  Probe, Gateway  
  70  7:31  Stalker  
  70  7:32  Stalker x3  
  70  7:33  Probe  
  79  7:43  Probe  
  80  8:21  Immortal (Chrono Boost)  
  84  8:33  Charge (Chrono Boost)  
  84  8:34  Nexus  
  84  8:36  Pylon  
  84  8:38  Pylon  
  84  8:40  Probe  
  84  8:42  Pylon  
  85  8:50  Probe  
  86  8:58  Immortal (Chrono Boost)  
  86  9:01  Probe, Pylon  
  91  9:04  Pylon  
  91  9:14  Pylon  
  91  9:15  Pylon  
  91  9:18  Photon Cannon  
  91  9:23  Photon Cannon, Pylon  
  91  9:27  Pylon x2  
  91  9:37  Immortal (Chrono Boost)  
  91  9:52  Blink  
  91  9:58  Photon Cannon  
  91  10:01  Photon Cannon  
  91  10:06  Protoss Ground Armor Level 1  
  91  10:12  Probe  
  92  10:22  Probe, Immortal (Chrono Boost)  
  97  10:33  Probe  
  98  10:49  Stargate  
  98  10:51  Fleet Beacon  
  98  10:56  Immortal (Chrono Boost)  
  102  10:58  Zealot x3  
  102  10:59  Zealot x3  
  102  11:00  Probe  
  102  11:03  Assimilator  
  115  11:06  Assimilator  
  115  11:08  Probe  
  115  11:10  Probe  
  117  11:20  Probe  
  117  11:21  Probe  
  119  11:30  Forge  
  119  11:31  Probe  
  119  11:33  Probe  
  121  11:43  Tempest x2  
  129  11:51  Stargate  
  129  11:58  Stargate  
  129  12:03  Probe  
  130  12:14  Probe  
  130  12:22  Robotics Bay, Zealot  
  131  12:23  Zealot x5  
  131  12:24  Probe  
  144  12:31  Tempest  
  144  12:32  Tempest  
  144  12:35  Probe, Protoss Air Weapons Level 1 (Chrono Boost)  
  153  12:44  Nexus  
  153  12:47  Pylon  
  153  12:53  Tempest  
  157  13:00  Tempest  
  160  13:38  Protoss Shields Level 1 (Chrono Boost)  
  160  13:42  Tempest  
  160  13:43  Tempest x2  
  160  13:46  Tempest  
  160  13:48  Probe  
  176  13:53  Observer  
  178  13:57  Probe, Protoss Ground Armor Level 2 (Chrono Boost)  
  178  13:58  Probe  
  180  14:08  Probe  
  179  14:15  Mothership Core  
  181  14:20  Stalker x4  
  181  14:21  Stalker  
  189  15:24  Tempest  
  189  15:25  Tempest  
Tags
 
Add a new tag
Caveats
  • Supply blocks, unpowered buildings, or Contaminate may cause inaccurate times.
  • Supply counts are checked every 10 seconds.